Falcons vs Gulls

Created - Thursday, March 24, 2016 at 01:27

Goals
1 2 3 OT1 SO T
Falcons 0 1 0 0 1 2
Gulls 1 0 0 0 0 1
Shots
1 2 3 OT1 SO T
Falcons 5 15 3 1 3 24
Gulls 8 5 8 8 3 29

1st period

1. Gulls , Sven Andrighetto 23 (William Wrenn, Joey Crabb) at 5:24 (PP)

Penalties :
Dylan Blujus (SPR) for Hooking (Minor) at 4:10, Eric Tangradi (SPR) for Hooking (Minor) at 10:55

2nd period

2. Falcons , Markus Granlund 24 (Dmitrij Jaskin, Tobias Rieder) at 13:35

Penalties :
Brayden Irwin (SDI) for Fighting (Major) at 13:40, Eric Tangradi (SPR) for Fighting (Major) at 13:40

3rd period

No Goal

Penalties :
Brayden Irwin (SDI) for Diving (Minor) at 3:38, Eric Tangradi (SPR) for Hooking (Minor) at 6:06, Jimmy Bonneau (SDI) for Holding (Minor) at 12:50

Overtime #1

No Goal

Penalties :
Matt Lashoff (SDI) for Roughing (Minor) at 0:35

Shootout

Penalty Shot by Tobias Rieder for Falcons - Goal!
Penalty Shot by Antoine Laganiere for Gulls - Shot Misses the Net
Penalty Shot by Dmitrij Jaskin for Falcons - Stopped by Jussi Rynnas
Penalty Shot by Sven Andrighetto for Gulls - Shot Hit the Post
Penalty Shot by Markus Granlund for Falcons - Stopped by Jussi Rynnas
Penalty Shot by Ryan Pulock for Gulls - Stopped by Christopher Gibson

Penalties :
No Penalty

Goalie Stats

Christopher Gibson (SPR), 28 saves from 29 shots - (0.966), W, 28-10-11, 65:00 minutes
Jussi Rynnas (SDI), 23 saves from 24 shots - (0.958), OTL, 29-13-13, 65:00 minutes

Players Stats for Falcons

Player Name              G  A  P  +/- PIM S  H  SB GA TA FO     MP     PP MP  PK MP  
------------------------------------------------------------------------------------
Brandon Davidson         0  0  0   0  0   0  0  5  0  0  0/0    22:07   1:49   2:13 
Dmitrij Jaskin           0  1  1   1  0   2  4  0  3  0  0/1    16:39   2:11   1:17 
Drayson Bowman           0  0  0   0  0   0  3  1  0  0  0/0    10:27   0:00   0:00 
Dylan Blujus             0  0  0   1  2   1  2  0  0  3  0/0    17:53   0:00   2:29 
Eric Tangradi            0  0  0   0  9   1  2  1  0  0  0/0    16:24   0:00   0:00 
Freddie Hamilton         0  0  0   0  0   1  1  1  1  1  0/0    17:59   1:47   1:10 
Greg Rallo               0  0  0   0  0   0  4  1  0  0  0/0    15:58   0:00   0:00 
Henrik Tommernes         0  0  0   0  0   2  2  1  0  1  0/0    18:20   2:09   0:00 
Jacob De La Rose         0  0  0   0  0   6  6  2  5  1  4/10   21:38   1:36   2:45 
Joey Hishon              0  0  0   0  0   3  0  0  2  0  4/6    19:07   1:47   0:57 
Jonathan Marchessault    0  0  0   0  0   2  2  0  4  0  0/0    15:59   0:54   0:00 
Markus Granlund          1  0  1   1  0   2  3  0  3  2  10/13  19:12   2:11   2:00 
Michael Kostka           0  0  0   0  0   0  1  0  0  0  0/0     6:09   0:00   0:00 
Nathan Beaulieu          0  0  0   0  0   1  0  3  1  2  0/0    27:41   1:49   2:13 
Robert Hagg              0  0  0   0  0   0  1  1  0  0  0/0    15:03   0:00   0:30 
Shane Harper             0  0  0   0  0   0  1  0  1  0  0/0    10:27   0:00   0:00 
Tobias Rieder            0  1  1   1  0   3  2  0  2  0  3/8    20:55   1:28   2:15 
Ville Pokka              0  0  0   1  0   0  2  1  0  1  0/0    22:46   2:09   2:59 

Players Stats for Gulls

Player Name              G  A  P  +/- PIM S  H  SB GA TA FO     MP     PP MP  PK MP  
------------------------------------------------------------------------------------
Antoine Laganiere        0  0  0   0  0   0  1  0  0  1  3/6    18:47   2:07   1:49 
Brad Richard             0  0  0   0  0   0  0  0  0  0  0/0     0:00   0:00   0:00 
Brayden Irwin            0  0  0   0  7   1  2  0  1  1  0/0    19:00   0:00   0:00 
Brendan Bell             0  0  0   0  0   1  0  6  1  1  0/0    23:47   3:44   0:00 
Carter Camper            0  0  0   0  0   6  2  0  2  3  5/8    19:58   2:11   0:30 
FARM PLAYER14            0  0  0   0  0   0  0  1  0  0  0/3    18:33   1:18   2:49 
FARM PLAYER30            0  0  0   0  0   0  0  1  0  0  2/2    12:47   0:04   1:27 
Guillaume Lepine         0  0  0   0  0   0  0  0  0  1  0/0     1:25   0:00   0:00 
Jerry D'Amigo            0  0  0  -1  0   3  2  0  2  0  1/1    22:01   2:15   2:47 
Jimmy Bonneau            0  0  0  -1  2   0  1  0  0  0  0/0     9:04   0:00   0:40 
Joey Crabb               0  1  1   0  0   1  3  0  2  0  0/1    20:15   2:34   0:00 
Matt Lashoff             0  0  0   0  2   0  1  0  1  2  0/0    21:29   3:44   2:52 
Phil Lane                0  0  0   0  0   0  0  0  0  0  0/0     0:19   0:00   0:00 
Ryan Bourque             0  0  0   0  0   5  1  2  2  1  1/3    23:55   2:33   1:09 
Ryan Pulock              0  0  0  -1  0   7  2  2  4  0  0/0    29:19   1:28   3:53 
Scott Ford               0  0  0   0  0   1  1  1  1  0  0/0    24:54   0:00   1:05 
Sven Andrighetto         1  0  1  -1  0   2  1  0  2  1  5/14   23:27   2:34   0:00 
William Wrenn            0  1  1  -1  0   2  2  1  0  3  0/0    24:58   1:28   2:48 

3 Stars

1 - Christopher Gibson (SPR)
2 - Jussi Rynnas (SDI)
3 - Markus Granlund (SPR)

Power Play

Falcons - 0 on 4 Attempt(s) - 0.00%
Gulls - 1 on 3 Attempt(s) - 33.33%

Penalty Kill

Falcons - 2 on 3 Attempt(s) - 66.67% - Score 0 goal in Penalty Kill
Gulls - 4 on 4 Attempt(s) - 100.00% - Score 0 goal in Penalty Kill

Team Stat

Falcons - Hits : 36 - Faceoff Wins : 21 - Blocked Shots : 17 - Penalty Minutes : 11
Gulls - Hits : 19 - Faceoff Wins : 17 - Blocked Shots : 14 - Penalty Minutes : 11

Official

Referees : Unknown
Linesman : Unknown

Game Notes

13:19 of 2nd period - Penalty Shot by Jerry D'Amigo for Gulls - Stopped by Christopher Gibson
Brayden Irwin beats up Eric Tangradi at 13:40 of 2nd period

Finance

Level 1 -- Attendance: 1565 (78.25%) -- Ticket Income $54,775
Level 2 -- Attendance: 743 (74.30%) -- Ticket Income $11,145
Total Attendance: 2308 (76.93%)
Total Ticket Income: $65,920
Other Income: $32,301
Total Income: $98,221

Falcons

5 vs 5 Forward 
   Center                   Left Wing                Right Wing               Time % Phy DF OF 
 1 Markus Granlund          Dmitrij Jaskin           Tobias Rieder            35     1   2  2  
 2 Jacob De La Rose         Jonathan Marchessault    Freddie Hamilton         30     1   2  2  
 3 Joey Hishon              Eric Tangradi            Greg Rallo               22     1   2  2  
 4 Tobias Rieder            Drayson Bowman           Shane Harper             13     1   2  2  

5 vs 5 Defense 
   Defense                  Defense                                           Time % Phy DF OF 
 1 Nathan Beaulieu          Brandon Davidson                                  35     1   2  2  
 2 Dylan Blujus             Ville Pokka                                       30     1   2  2  
 3 Henrik Tommernes         Robert Hagg                                       22     1   2  2  
 4 Michael Kostka           Nathan Beaulieu                                   13     1   2  2  

PowerPlay Forward 
   Center                   Left Wing                Right Wing               Time % Phy DF OF 
 1 Markus Granlund          Dmitrij Jaskin           Tobias Rieder            60     1   2  2  
 2 Joey Hishon              Jacob De La Rose         Freddie Hamilton         40     1   2  2  

PowerPlay Defense
   Defense                  Defense                                           Time % Phy DF OF 
 1 Nathan Beaulieu          Brandon Davidson                                  60     1   2  2  
 2 Henrik Tommernes         Ville Pokka                                       40     1   2  2  

Penalty Kill 4 Players Forward 
   Center                   Wing                     Time % Phy DF OF 
 1 Jacob De La Rose         Tobias Rieder            60     1   2  2  
 2 Markus Granlund          Freddie Hamilton         40     1   2  2  

Penalty Kill 4 Players Defense
   Defense                  Defense                  Time % Phy DF OF 
 1 Nathan Beaulieu          Brandon Davidson         60     1   2  2  
 2 Dylan Blujus             Ville Pokka              40     1   2  2  

Penalty Kill - 3 Players Forward 
   Forward                                           Time % Phy DF OF 
 1 Jacob De La Rose                                  60     1   2  2  
 2 Markus Granlund                                   40     1   2  2  

Penalty Kill - 3 Players Defense
   Defense                  Defense                  Time % Phy DF OF 
 1 Nathan Beaulieu          Brandon Davidson         60     1   2  2  
 2 Dylan Blujus             Ville Pokka              40     1   2  2  

4 vs 4 Forward 
   Center                   Wing                     Time % Phy DF OF 
 1 Markus Granlund          Jacob De La Rose         60     1   2  2  
 2 Joey Hishon              Dmitrij Jaskin           40     1   2  2  

4 vs 4 Defense
   Defense                  Defense                  Time % Phy DF OF 
 1 Nathan Beaulieu          Brandon Davidson         60     1   2  2  
 2 Henrik Tommernes         Ville Pokka              40     1   2  2  

Last Minutes Offensive
   Center                   Left Wing                Right Wing               Defense                  Defense                  
   Markus Granlund          Dmitrij Jaskin           Tobias Rieder            Nathan Beaulieu          Brandon Davidson         

Last Minutes Defensive
   Center                   Left Wing                Right Wing               Defense                  Defense                  
   Markus Granlund          Jacob De La Rose         Tobias Rieder            Nathan Beaulieu          Brandon Davidson         

Goaltenders
Starting : Christopher Gibson       
Backup : Andrey Makarov           

Extra Forwards
Normal : Joey Hishon, Eric Tangradi, Greg Rallo - PP : Jonathan Marchessault, Shane Harper - PK : Joey Hishon
Extra Defensemen
Normal : Robert Hagg, Henrik Tommernes, Michael Kostka - PP : Robert Hagg - PK : Robert Hagg, Henrik Tommernes
Penalty Shots
Tobias Rieder, Dmitrij Jaskin, Markus Granlund, Jacob De La Rose, Joey Hishon

Gulls

5 vs 5 Forward 
   Center                   Left Wing                Right Wing               Time % Phy DF OF 
 1 Sven Andrighetto         Brayden Irwin            Ryan Bourque             35     1   2  2  
 2 Carter Camper            Jerry D'Amigo            Joey Crabb               30     1   2  2  
 3 Antoine Laganiere        Ryan Bourque             Brayden Irwin            22     1   2  2  
 4 Sven Andrighetto         Jimmy Bonneau            Jerry D'Amigo            13     1   2  2  

5 vs 5 Defense 
   Defense                  Defense                                           Time % Phy DF OF 
 1 Scott Ford               Brendan Bell                                      35     1   2  2  
 2 Ryan Pulock              William Wrenn                                     30     1   2  2  
 3 Ryan Pulock              Matt Lashoff                                      22     1   2  2  
 4 Scott Ford               William Wrenn                                     13     1   2  2  

PowerPlay Forward 
   Center                   Left Wing                Right Wing               Time % Phy DF OF 
 1 Ryan Bourque             Sven Andrighetto         Joey Crabb               60     1   2  2  
 2 Carter Camper            Jerry D'Amigo            Antoine Laganiere        40     1   2  2  

PowerPlay Defense
   Defense                  Defense                                           Time % Phy DF OF 
 1 Brendan Bell             Matt Lashoff                                      60     1   2  2  
 2 Ryan Pulock              William Wrenn                                     40     1   2  2  

Penalty Kill 4 Players Forward 
   Center                   Wing                     Time % Phy DF OF 
 1 Ryan Bourque             Antoine Laganiere        60     1   2  2  
 2 Jerry D'Amigo            Carter Camper            40     1   2  2  

Penalty Kill 4 Players Defense
   Defense                  Defense                  Time % Phy DF OF 
 1 Matt Lashoff             Ryan Pulock              60     1   2  2  
 2 Scott Ford               William Wrenn            40     1   2  2  

Penalty Kill - 3 Players Forward 
   Forward                                           Time % Phy DF OF 
 1 Jerry D'Amigo                                     60     1   2  2  
 2 Carter Camper                                     40     1   2  2  

Penalty Kill - 3 Players Defense
   Defense                  Defense                  Time % Phy DF OF 
 1 Matt Lashoff             Ryan Pulock              60     1   2  2  
 2 Brendan Bell             William Wrenn            40     1   2  2  

4 vs 4 Forward 
   Center                   Wing                     Time % Phy DF OF 
 1 Sven Andrighetto         Ryan Bourque             60     1   2  2  
 2 Jerry D'Amigo            Carter Camper            40     1   2  2  

4 vs 4 Defense
   Defense                  Defense                  Time % Phy DF OF 
 1 Ryan Pulock              Matt Lashoff             60     1   2  2  
 2 Scott Ford               William Wrenn            40     1   2  2  

Last Minutes Offensive
   Center                   Left Wing                Right Wing               Defense                  Defense                  
   Sven Andrighetto         Joey Crabb               Jerry D'Amigo            Brendan Bell             Ryan Pulock              

Last Minutes Defensive
   Center                   Left Wing                Right Wing               Defense                  Defense                  
   Sven Andrighetto         Joey Crabb               Jerry D'Amigo            Brendan Bell             Ryan Pulock              

Goaltenders
Starting : Jussi Rynnas             
Backup : Louis Domingue           

Extra Forwards
Normal : Ryan Bourque, Antoine Laganiere, Jerry D'Amigo - PP : Ryan Bourque, Antoine Laganiere - PK : Jerry D'Amigo
Extra Defensemen
Normal : Ryan Pulock, Matt Lashoff, William Wrenn - PP : William Wrenn - PK : Matt Lashoff, William Wrenn
Penalty Shots
Antoine Laganiere, Sven Andrighetto, Jerry D'Amigo, Carter Camper, Ryan Bourque

% Time on Ice - Falcons

Lines # - Real PCT - Wanted PCT - Time Play
Normal Forward
1 - 21% - 35% - 10:49
2 - 30% - 30% - 15:02
3 - 29% - 22% - 14:32
4 - 21% - 13% - 10:27
Normal Defense
1 - 30% - 35% - 15:16
2 - 30% - 30% - 15:27
3 - 27% - 22% - 13:58
4 - 12% - 13% - 6:09
PP Forward
1 - 55% - 60% - 2:11
2 - 45% - 40% - 1:47
PP Defense
1 - 46% - 60% - 1:49
2 - 54% - 40% - 2:09
PK Forward
1 - 78% - 60% - 4:02
2 - 22% - 40% - 1:10
PK Defense
1 - 43% - 60% - 2:13
2 - 57% - 40% - 2:59
PK3 Forward
1 - 0% - 60%
2 - 0% - 40%
PK3 Defense
1 - 0% - 60%
2 - 0% - 40%
44 Forward
1 - 100% - 60% - 5:00
2 - 0% - 40% - 0:00
44 Defense
1 - 56% - 60% - 2:49
2 - 44% - 40% - 2:11
Last Minute Offensive  - 0:00
Last Minute Defensive  - 0:00
Total
Forward - 65:00
Defense - 65:00

% Time on Ice - Gulls

Lines # - Real PCT - Wanted PCT - Time Play
Normal Forward
1 - 26% - 35% - 13:21
2 - 35% - 30% - 17:35
3 - 23% - 22% - 11:55
4 - 16% - 13% - 7:59
Normal Defense
1 - 39% - 35% - 20:03
2 - 27% - 30% - 13:47
3 - 23% - 22% - 11:32
4 - 11% - 13% - 5:28
PP Forward
1 - 57% - 60% - 2:57
2 - 43% - 40% - 2:15
PP Defense
1 - 72% - 60% - 3:44
2 - 28% - 40% - 1:28
PK Forward
1 - 100% - 60% - 3:58
2 - 0% - 40% - 0:00
PK Defense
1 - 72% - 60% - 2:52
2 - 28% - 40% - 1:06
PK3 Forward
1 - 100% - 60% - 1:59
2 - 0% - 40% - 0:00
PK3 Defense
1 - 100% - 60% - 1:59
2 - 0% - 40% - 0:00
44 Forward
1 - 100% - 60% - 3:01
2 - 0% - 40% - 0:00
44 Defense
1 - 67% - 60% - 2:01
2 - 33% - 40% - 1:00
Last Minute Offensive  - 0:00
Last Minute Defensive  - 0:00
Total
Forward - 65:00
Defense - 65:00

Play by Play

1st period


0:01 of 1st period - Markus Granlund wins face-off versus Sven Andrighetto in neutral zone.
2:15 of 1st period - Slapshot by Ryan Pulock.
2:15 of 1st period - Deflect By Ryan Bourque.
2:15 of 1st period - Stopped by Christopher Gibson with a rebound.
2:17 of 1st period - Slapshot by Ryan Pulock.
2:17 of 1st period - Stopped by Christopher Gibson without a rebound.
2:18 of 1st period - Tobias Rieder wins face-off versus Antoine Laganiere in Falcons zone.
3:09 of 1st period - Freddie Hamilton is hit by Antoine Laganiere and loses puck.
3:30 of 1st period - Brayden Irwin is hit by Jacob De La Rose and loses puck.
3:59 of 1st period - Wrist shot by Greg Rallo.
3:59 of 1st period - Shot Misses the Net.
4:01 of 1st period - Snap shot by Joey Hishon.
4:01 of 1st period - Stopped by Jussi Rynnas without a rebound.
4:02 of 1st period - Markus Granlund wins face-off versus Carter Camper in Gulls zone.
4:05 of 1st period - Wrist shot by Dmitrij Jaskin.
4:05 of 1st period - Shot Blocked by Ryan Pulock.
4:10 of 1st period - Minor Penalty to Dylan Blujus for Hooking.
4:11 of 1st period - Ryan Bourque wins face-off versus Jacob De La Rose in Falcons zone.
4:11 of 1st period - Snap shot by Sven Andrighetto.
4:11 of 1st period - Shot Blocked by Brandon Davidson.
4:13 of 1st period - Snap shot by Sven Andrighetto.
4:13 of 1st period - Shot Misses the Net.
4:15 of 1st period - Backhand shot by Brendan Bell.
4:15 of 1st period - Shot Blocked by Nathan Beaulieu.
5:20 of 1st period - Wrist shot by Joey Crabb.
5:20 of 1st period - Shot Blocked by Freddie Hamilton.
5:22 of 1st period - Slapshot by William Wrenn.
5:22 of 1st period - Stopped by Christopher Gibson with a rebound.
5:24 of 1st period - Snap shot by Sven Andrighetto.
5:24 of 1st period - Goal by Sven Andrighetto - Falcons : 0 - Gulls : 1.
5:25 of 1st period - Joey Hishon wins face-off versus Sven Andrighetto in neutral zone.
5:42 of 1st period - Icing by Sven Andrighetto.
5:43 of 1st period - Sven Andrighetto wins face-off versus Joey Hishon in Gulls zone.
6:26 of 1st period - Antoine Laganiere is hit by Dmitrij Jaskin and loses puck.
7:02 of 1st period - Slapshot by Jacob De La Rose.
7:02 of 1st period - Stopped by Jussi Rynnas with a rebound.
8:02 of 1st period - Snap shot by Sven Andrighetto.
8:02 of 1st period - Shot Misses the Net.
8:29 of 1st period - Ryan Pulock is hit by Greg Rallo and loses puck.
8:53 of 1st period - Nathan Beaulieu is hit by Joey Crabb and loses puck.
10:15 of 1st period - Snap shot by Sven Andrighetto.
10:15 of 1st period - Shot Blocked by Drayson Bowman.
10:55 of 1st period - Minor Penalty to Eric Tangradi for Hooking.
10:56 of 1st period - Carter Camper wins face-off versus Jacob De La Rose in Falcons zone.
11:14 of 1st period - Wrist shot by Carter Camper.
11:14 of 1st period - Stopped by Christopher Gibson with a rebound.
12:15 of 1st period - Jerry D'Amigo is hit by Markus Granlund.
12:19 of 1st period - Jerry D'Amigo is hit by Freddie Hamilton and loses puck.
12:27 of 1st period - Off-side.
12:28 of 1st period - Markus Granlund wins face-off versus Ryan Bourque in neutral zone.
12:55 of 1st period - Penalty to Eric Tangradi is over, Eric Tangradi is back on ice.
13:19 of 1st period - Brayden Irwin is hit by Dylan Blujus and loses puck.
13:56 of 1st period - Wrist shot by Jacob De La Rose.
13:56 of 1st period - Deflect By Jonathan Marchessault.
13:56 of 1st period - Stopped by Jussi Rynnas with a rebound.
14:34 of 1st period - Slapshot by Markus Granlund.
14:34 of 1st period - Shot Misses the Net.
14:56 of 1st period - Icing by Brayden Irwin.
14:57 of 1st period - Tobias Rieder wins face-off versus Sven Andrighetto in Gulls zone.
15:32 of 1st period - Snap shot by Jacob De La Rose.
15:32 of 1st period - Stopped by Jussi Rynnas with a rebound.
15:44 of 1st period - Snap shot by Jonathan Marchessault.
15:44 of 1st period - Shot Blocked by Brendan Bell.
16:28 of 1st period - Jerry D'Amigo is hit by Greg Rallo and loses puck.
16:45 of 1st period - Slapshot by Ryan Pulock.
16:45 of 1st period - Deflect By Jerry D'Amigo.
16:45 of 1st period - Stopped by Christopher Gibson without a rebound.
16:46 of 1st period - Jacob De La Rose wins face-off versus Carter Camper in Falcons zone.
17:03 of 1st period - Slapshot by Carter Camper.
17:03 of 1st period - Shot Misses the Net.
17:05 of 1st period - Snap shot by Carter Camper.
17:05 of 1st period - Shot Blocked by Brandon Davidson.
17:15 of 1st period - Wrist shot by Carter Camper.
17:15 of 1st period - Stopped by Christopher Gibson with a rebound.
17:17 of 1st period - Wrist shot by Matt Lashoff.
17:17 of 1st period - Shot Blocked by Jacob De La Rose.
17:19 of 1st period - Slapshot by Matt Lashoff.
17:19 of 1st period - Deflect By Carter Camper.
17:19 of 1st period - Stopped by Christopher Gibson with a rebound.
18:32 of 1st period - Wrist shot by Eric Tangradi.
18:32 of 1st period - Stopped by Jussi Rynnas without a rebound.
18:33 of 1st period - Joey Hishon wins face-off versus Antoine Laganiere in Gulls zone.
19:19 of 1st period - Ryan Pulock is hit by Ville Pokka and loses puck.
19:32 of 1st period - Snap shot by Joey Hishon.
19:32 of 1st period - Shot Blocked by Ryan Pulock.
19:44 of 1st period - Snap shot by Joey Hishon.
19:44 of 1st period - Shot Misses the Net.
Goals for this period are 0 for Falcons vs 1 for Gulls.
Shots for this period are 5 for Falcons vs 8 for Gulls.

2nd period


0:01 of 2nd period - Markus Granlund wins face-off versus Sven Andrighetto in neutral zone.
0:11 of 2nd period - Markus Granlund is hit by Brayden Irwin and loses puck.
0:28 of 2nd period - Wrist shot by Ryan Pulock.
0:28 of 2nd period - Shot Blocked by Nathan Beaulieu.
0:30 of 2nd period - Slapshot by Ryan Pulock.
0:30 of 2nd period - Stopped by Christopher Gibson with a rebound.
0:46 of 2nd period - Jacob De La Rose is hit by Sven Andrighetto and loses puck.
1:04 of 2nd period - Jerry D'Amigo is hit by Jacob De La Rose and loses puck.
1:15 of 2nd period - Wrist shot by Jacob De La Rose.
1:15 of 2nd period - Shot Misses the Net.
1:23 of 2nd period - Snap shot by Carter Camper.
1:23 of 2nd period - Shot Misses the Net.
1:31 of 2nd period - Snap shot by Carter Camper.
1:31 of 2nd period - Stopped by Christopher Gibson with a rebound.
1:43 of 2nd period - Brendan Bell is hit by Ville Pokka and loses puck.
1:50 of 2nd period - Dylan Blujus is hit by Scott Ford and loses puck.
2:03 of 2nd period - Jacob De La Rose is hit by Jimmy Bonneau and loses puck.
2:34 of 2nd period - Joey Hishon is hit by Ryan Pulock and loses puck.
3:01 of 2nd period - Snap shot by Joey Hishon.
3:01 of 2nd period - Shot Blocked by William Wrenn.
3:15 of 2nd period - Matt Lashoff is hit by Markus Granlund and loses puck.
3:22 of 2nd period - Sven Andrighetto is hit by Tobias Rieder and loses puck.
3:31 of 2nd period - Wrist shot by Markus Granlund.
3:31 of 2nd period - Shot Blocked by Scott Ford.
4:28 of 2nd period - Snap shot by Joey Hishon.
4:28 of 2nd period - Stopped by Jussi Rynnas with a rebound.
4:34 of 2nd period - Slapshot by Ryan Pulock.
4:34 of 2nd period - Stopped by Christopher Gibson with a rebound.
4:49 of 2nd period - Icing by Brendan Bell.
4:50 of 2nd period - Antoine Laganiere wins face-off versus Tobias Rieder in Gulls zone.
4:57 of 2nd period - Slapshot by Ryan Pulock.
4:57 of 2nd period - Stopped by Christopher Gibson with a rebound.
6:05 of 2nd period - Brayden Irwin is hit by Henrik Tommernes and loses puck.
6:34 of 2nd period - Matt Lashoff is hit by Drayson Bowman and loses puck.
7:45 of 2nd period - Brayden Irwin is hit by Robert Hagg and loses puck.
8:20 of 2nd period - Jerry D'Amigo is hit by Drayson Bowman and loses puck.
9:03 of 2nd period - Wrist shot by Markus Granlund.
9:03 of 2nd period - Shot Blocked by Brendan Bell.
9:38 of 2nd period - Slapshot by Ryan Pulock.
9:38 of 2nd period - Shot Misses the Net.
9:40 of 2nd period - Snap shot by Jimmy Bonneau.
9:40 of 2nd period - Shot Blocked by Henrik Tommernes.
9:42 of 2nd period - Slapshot by Ryan Pulock.
9:42 of 2nd period - Deflect By Jerry D'Amigo.
9:42 of 2nd period - Shot Blocked by Robert Hagg.
9:42 of 2nd period - Puck is out of play.
9:43 of 2nd period - FARM PLAYER30 wins face-off versus Tobias Rieder in Falcons zone.
9:44 of 2nd period - Snap shot by Jerry D'Amigo.
9:44 of 2nd period - Stopped by Christopher Gibson without a rebound.
9:45 of 2nd period - FARM PLAYER30 wins face-off versus Tobias Rieder in Falcons zone.
10:16 of 2nd period - Greg Rallo is hit by Joey Crabb and loses puck.
10:57 of 2nd period - Snap shot by Brayden Irwin.
10:57 of 2nd period - Shot Blocked by Brandon Davidson.
11:10 of 2nd period - Icing by Jimmy Bonneau.
11:11 of 2nd period - Tobias Rieder wins face-off versus Sven Andrighetto in Gulls zone.
11:12 of 2nd period - Wrist shot by Drayson Bowman.
11:12 of 2nd period - Shot Blocked by Brendan Bell.
11:14 of 2nd period - Snap shot by Tobias Rieder.
11:14 of 2nd period - Stopped by Jussi Rynnas with a rebound.
11:16 of 2nd period - Slapshot by Henrik Tommernes.
11:16 of 2nd period - Shot Blocked by Brendan Bell.
11:18 of 2nd period - Wrist shot by Tobias Rieder.
11:18 of 2nd period - Shot Misses the Net.
11:20 of 2nd period - Wrist shot by Tobias Rieder.
11:20 of 2nd period - Shot Misses the Net.
11:22 of 2nd period - Slapshot by Henrik Tommernes.
11:22 of 2nd period - Deflect By Tobias Rieder.
11:22 of 2nd period - Shot Misses the Net.
11:22 of 2nd period - Puck is out of play.
11:23 of 2nd period - Antoine Laganiere wins face-off versus Tobias Rieder in Gulls zone.
11:23 of 2nd period - Antoine Laganiere is hit by Shane Harper.
12:56 of 2nd period - Snap shot by Jacob De La Rose.
12:56 of 2nd period - Deflect By Jonathan Marchessault.
12:56 of 2nd period - Deflect By Ryan Pulock.
12:56 of 2nd period - Stopped by Jussi Rynnas with a rebound.
12:58 of 2nd period - Snap shot by Jacob De La Rose.
12:58 of 2nd period - Stopped by Jussi Rynnas without a rebound.
12:59 of 2nd period - Jacob De La Rose wins face-off versus Carter Camper in Gulls zone.
13:05 of 2nd period - Off-side.
13:06 of 2nd period - Carter Camper wins face-off versus Jacob De La Rose in neutral zone.
13:19 of 2nd period - Penalty Shot by Jerry D'Amigo for Gulls.
13:19 of 2nd period - Wrist shot by Jerry D'Amigo.
13:19 of 2nd period - Stopped by Christopher Gibson.
13:20 of 2nd period - Sven Andrighetto wins face-off versus Markus Granlund in Gulls zone.
13:33 of 2nd period - Snap shot by Dmitrij Jaskin.
13:33 of 2nd period - Stopped by Jussi Rynnas with a rebound.
13:35 of 2nd period - Slapshot by Markus Granlund.
13:35 of 2nd period - Goal by Markus Granlund - Falcons : 1 - Gulls : 1.
13:36 of 2nd period - Joey Hishon wins face-off versus Antoine Laganiere in neutral zone.
13:39 of 2nd period - Slapshot by Nathan Beaulieu.
13:39 of 2nd period - Shot Misses the Net.
13:40 of 2nd period - Brayden Irwin beats up Eric Tangradi.
13:40 of 2nd period - Penalty to Brayden Irwin for Fighting.
13:40 of 2nd period - Penalty to Eric Tangradi for Fighting.
13:41 of 2nd period - Antoine Laganiere wins face-off versus Jacob De La Rose in Gulls zone.
14:32 of 2nd period - Backhand shot by Dmitrij Jaskin.
14:32 of 2nd period - Shot Blocked by Ryan Bourque.
14:34 of 2nd period - Backhand shot by Ville Pokka.
14:34 of 2nd period - Shot Misses the Net.
14:36 of 2nd period - Snap shot by Markus Granlund.
14:36 of 2nd period - Shot Blocked by Brendan Bell.
14:38 of 2nd period - Slapshot by Dylan Blujus.
14:38 of 2nd period - Stopped by Jussi Rynnas with a rebound.
14:40 of 2nd period - Snap shot by Tobias Rieder.
14:40 of 2nd period - Stopped by Jussi Rynnas with a rebound.
14:42 of 2nd period - Snap shot by Markus Granlund.
14:42 of 2nd period - Stopped by Jussi Rynnas without a rebound.
14:43 of 2nd period - Carter Camper wins face-off versus Joey Hishon in Gulls zone.
14:43 of 2nd period - Carter Camper is hit by Dmitrij Jaskin.
15:11 of 2nd period - Snap shot by Joey Hishon.
15:11 of 2nd period - Stopped by Jussi Rynnas without a rebound.
15:12 of 2nd period - Sven Andrighetto wins face-off versus Tobias Rieder in Gulls zone.
15:12 of 2nd period - Sven Andrighetto is hit by Michael Kostka.
15:29 of 2nd period - Tobias Rieder is hit by Ryan Pulock and loses puck.
15:40 of 2nd period - Snap shot by Nathan Beaulieu.
15:40 of 2nd period - Stopped by Jussi Rynnas with a rebound.
15:50 of 2nd period - Michael Kostka is hit by Joey Crabb and loses puck.
16:25 of 2nd period - Slapshot by Jacob De La Rose.
16:25 of 2nd period - Stopped by Jussi Rynnas without a rebound.
16:26 of 2nd period - Carter Camper wins face-off versus Dmitrij Jaskin in Gulls zone.
16:33 of 2nd period - Joey Hishon is hit by Jerry D'Amigo and loses puck.
17:22 of 2nd period - Sven Andrighetto is hit by Jacob De La Rose and loses puck.
17:53 of 2nd period - Snap shot by Dmitrij Jaskin.
17:53 of 2nd period - Stopped by Jussi Rynnas with a rebound.
17:55 of 2nd period - Slapshot by Tobias Rieder.
17:55 of 2nd period - Stopped by Jussi Rynnas with a rebound.
18:45 of 2nd period - Drayson Bowman is hit by Carter Camper and loses puck.
19:36 of 2nd period - Snap shot by Jonathan Marchessault.
19:36 of 2nd period - Deflect By Jacob De La Rose.
19:36 of 2nd period - Stopped by Jussi Rynnas with a rebound.
Goals for this period are 1 for Falcons vs 0 for Gulls.
Shots for this period are 15 for Falcons vs 5 for Gulls.

3rd period


0:01 of 3rd period - Markus Granlund wins face-off versus Sven Andrighetto in neutral zone.
0:11 of 3rd period - Icing by Ryan Bourque.
0:12 of 3rd period - Markus Granlund wins face-off versus Sven Andrighetto in Gulls zone.
0:21 of 3rd period - Brandon Davidson is hit by Brayden Irwin and loses puck.
0:32 of 3rd period - Slapshot by Sven Andrighetto.
0:32 of 3rd period - Shot Misses the Net.
0:34 of 3rd period - Slapshot by William Wrenn.
0:34 of 3rd period - Shot Blocked by Nathan Beaulieu.
0:36 of 3rd period - Snap shot by Ryan Pulock.
0:36 of 3rd period - Shot Blocked by Brandon Davidson.
0:38 of 3rd period - Wrist shot by Brayden Irwin.
0:38 of 3rd period - Stopped by Christopher Gibson with a rebound.
0:56 of 3rd period - Joey Crabb is hit by Jonathan Marchessault and loses puck.
1:17 of 3rd period - Snap shot by Jonathan Marchessault.
1:17 of 3rd period - Shot Hit the Post.
1:23 of 3rd period - Slapshot by Freddie Hamilton.
1:23 of 3rd period - Stopped by Jussi Rynnas with a rebound.
1:25 of 3rd period - Snap shot by Jacob De La Rose.
1:25 of 3rd period - Shot Misses the Net.
1:39 of 3rd period - Snap shot by Joey Hishon.
1:39 of 3rd period - Shot Misses the Net.
1:41 of 3rd period - Slapshot by Eric Tangradi.
1:41 of 3rd period - Shot Hit the Post.
2:25 of 3rd period - Snap shot by Tobias Rieder.
2:25 of 3rd period - Shot Misses the Net.
2:42 of 3rd period - Snap shot by Tobias Rieder.
2:42 of 3rd period - Shot Hit the Post.
3:38 of 3rd period - Minor Penalty to Brayden Irwin for Diving.
3:39 of 3rd period - Markus Granlund wins face-off versus FARM PLAYER14 in Gulls zone.
4:26 of 3rd period - Snap shot by Jacob De La Rose.
4:26 of 3rd period - Stopped by Jussi Rynnas with a rebound.
4:46 of 3rd period - Snap shot by Markus Granlund.
4:46 of 3rd period - Shot Misses the Net.
5:22 of 3rd period - Antoine Laganiere is hit by Markus Granlund.
5:30 of 3rd period - William Wrenn is hit by Dmitrij Jaskin and loses puck.
5:38 of 3rd period - Penalty to Brayden Irwin is over, Brayden Irwin is back on ice.
5:53 of 3rd period - Greg Rallo is hit by Carter Camper and loses puck.
6:06 of 3rd period - Minor Penalty to Eric Tangradi for Hooking.
6:07 of 3rd period - Jacob De La Rose wins face-off versus Joey Crabb in Falcons zone.
6:27 of 3rd period - Snap shot by Tobias Rieder.
6:27 of 3rd period - Shot Misses the Net.
7:02 of 3rd period - Antoine Laganiere is hit by Jacob De La Rose and loses puck.
7:17 of 3rd period - Ryan Bourque is hit by Dylan Blujus and loses puck.
7:44 of 3rd period - Sven Andrighetto is hit by Dmitrij Jaskin and loses puck.
8:06 of 3rd period - Penalty to Eric Tangradi is over, Eric Tangradi is back on ice.
8:26 of 3rd period - Slapshot by Brendan Bell.
8:26 of 3rd period - Stopped by Christopher Gibson with a rebound.
8:28 of 3rd period - Snap shot by Brayden Irwin.
8:28 of 3rd period - Shot Misses the Net.
8:30 of 3rd period - Snap shot by Sven Andrighetto.
8:30 of 3rd period - Shot Blocked by Ville Pokka.
9:14 of 3rd period - Snap shot by Sven Andrighetto.
9:14 of 3rd period - Stopped by Christopher Gibson without a rebound.
9:15 of 3rd period - Sven Andrighetto wins face-off versus Jacob De La Rose in Falcons zone.
9:16 of 3rd period - Slapshot by Ryan Pulock.
9:16 of 3rd period - Shot Misses the Net.
9:46 of 3rd period - Brandon Davidson is hit by William Wrenn and loses puck.
10:05 of 3rd period - Carter Camper is hit by Drayson Bowman and loses puck.
10:36 of 3rd period - Wrist shot by Jacob De La Rose.
10:36 of 3rd period - Shot Blocked by Brendan Bell.
10:38 of 3rd period - Slapshot by Henrik Tommernes.
10:38 of 3rd period - Stopped by Jussi Rynnas with a rebound.
10:40 of 3rd period - Wrist shot by Jonathan Marchessault.
10:40 of 3rd period - Shot Misses the Net.
10:42 of 3rd period - Slapshot by Jacob De La Rose.
10:42 of 3rd period - Shot Misses the Net.
11:06 of 3rd period - Antoine Laganiere is hit by Eric Tangradi and loses puck.
11:36 of 3rd period - Slapshot by Ryan Pulock.
11:36 of 3rd period - Stopped by Christopher Gibson with a rebound.
11:52 of 3rd period - Jimmy Bonneau is hit by Jacob De La Rose and loses puck.
12:26 of 3rd period - Wrist shot by Carter Camper.
12:26 of 3rd period - Stopped by Christopher Gibson with a rebound.
12:50 of 3rd period - Minor Penalty to Jimmy Bonneau for Holding.
12:51 of 3rd period - Markus Granlund wins face-off versus Ryan Bourque in Gulls zone.
12:51 of 3rd period - Snap shot by Dmitrij Jaskin.
12:51 of 3rd period - Shot Misses the Net.
13:07 of 3rd period - Slapshot by Markus Granlund.
13:07 of 3rd period - Shot Blocked by Ryan Bourque.
13:19 of 3rd period - Antoine Laganiere is hit by Jacob De La Rose and loses puck.
13:50 of 3rd period - William Wrenn is hit by Tobias Rieder and loses puck.
14:24 of 3rd period - Jerry D'Amigo is hit by Jonathan Marchessault and loses puck.
14:50 of 3rd period - Penalty to Jimmy Bonneau is over, Jimmy Bonneau is back on ice.
16:18 of 3rd period - Wrist shot by Carter Camper.
16:18 of 3rd period - Stopped by Christopher Gibson with a rebound.
16:20 of 3rd period - Snap shot by Joey Crabb.
16:20 of 3rd period - Stopped by Christopher Gibson without a rebound.
16:21 of 3rd period - Carter Camper wins face-off versus Jacob De La Rose in Falcons zone.
17:01 of 3rd period - Scott Ford is hit by Henrik Tommernes and loses puck.
17:42 of 3rd period - Joey Crabb is hit by Greg Rallo and loses puck.
17:57 of 3rd period - Matt Lashoff is hit by Greg Rallo and loses puck.
18:04 of 3rd period - Wrist shot by Ryan Bourque.
18:04 of 3rd period - Deflect By Brayden Irwin.
18:04 of 3rd period - Shot Misses the Net.
18:04 of 3rd period - Puck is out of play.
18:05 of 3rd period - Jacob De La Rose wins face-off versus FARM PLAYER14 in Falcons zone.
18:52 of 3rd period - Nathan Beaulieu is hit by William Wrenn.
19:20 of 3rd period - Joey Crabb is hit by Eric Tangradi.
19:40 of 3rd period - Wrist shot by Brendan Bell.
19:40 of 3rd period - Shot Blocked by Greg Rallo.
19:42 of 3rd period - Snap shot by Ryan Bourque.
19:42 of 3rd period - Stopped by Christopher Gibson with a rebound.
19:54 of 3rd period - Dmitrij Jaskin is hit by Matt Lashoff.
Goals for this period are 0 for Falcons vs 0 for Gulls.
Shots for this period are 3 for Falcons vs 8 for Gulls.

Overtime #1


0:01 of 1st overtime period - Sven Andrighetto wins face-off versus Markus Granlund in neutral zone.
0:12 of 1st overtime period - Backhand shot by Sven Andrighetto.
0:12 of 1st overtime period - Shot Misses the Net.
0:14 of 1st overtime period - Backhand shot by Sven Andrighetto.
0:14 of 1st overtime period - Shot Misses the Net.
0:16 of 1st overtime period - Snap shot by Ryan Bourque.
0:16 of 1st overtime period - Stopped by Christopher Gibson with a rebound.
0:18 of 1st overtime period - Wrist shot by Ryan Bourque.
0:18 of 1st overtime period - Deflect By Sven Andrighetto.
0:18 of 1st overtime period - Shot Misses the Net.
0:18 of 1st overtime period - Puck is out of play.
0:19 of 1st overtime period - Markus Granlund wins face-off versus Sven Andrighetto in Falcons zone.
0:35 of 1st overtime period - Minor Penalty to Matt Lashoff for Roughing.
0:36 of 1st overtime period - Jerry D'Amigo wins face-off versus Markus Granlund in Gulls zone.
0:54 of 1st overtime period - Backhand shot by Jerry D'Amigo.
0:54 of 1st overtime period - Shot Blocked by Jacob De La Rose.
1:02 of 1st overtime period - Snap shot by Ryan Pulock.
1:02 of 1st overtime period - Stopped by Christopher Gibson with a rebound.
1:06 of 1st overtime period - Snap shot by Jerry D'Amigo.
1:06 of 1st overtime period - Stopped by Christopher Gibson with a rebound.
1:08 of 1st overtime period - Slapshot by Ryan Pulock.
1:08 of 1st overtime period - Stopped by Christopher Gibson with a rebound.
1:28 of 1st overtime period - Slapshot by Ryan Pulock.
1:28 of 1st overtime period - Shot Misses the Net.
1:51 of 1st overtime period - Henrik Tommernes is hit by Jerry D'Amigo and loses puck.
2:17 of 1st overtime period - Slapshot by Eric Tangradi.
2:17 of 1st overtime period - Deflect By Joey Hishon.
2:17 of 1st overtime period - Shot Blocked by FARM PLAYER14.
2:17 of 1st overtime period - Puck is out of play.
2:18 of 1st overtime period - Joey Hishon wins face-off versus FARM PLAYER14 in Gulls zone.
2:29 of 1st overtime period - Wrist shot by Joey Hishon.
2:29 of 1st overtime period - Shot Misses the Net.
2:31 of 1st overtime period - Wrist shot by Eric Tangradi.
2:31 of 1st overtime period - Shot Blocked by FARM PLAYER30.
2:33 of 1st overtime period - Slapshot by Henrik Tommernes.
2:33 of 1st overtime period - Stopped by Jussi Rynnas with a rebound.
2:35 of 1st overtime period - Penalty to Matt Lashoff is over, Matt Lashoff is back on ice.
2:41 of 1st overtime period - Snap shot by Joey Hishon.
2:41 of 1st overtime period - Shot Misses the Net.
3:25 of 1st overtime period - Snap shot by Ryan Bourque.
3:25 of 1st overtime period - Shot Misses the Net.
3:27 of 1st overtime period - Slapshot by William Wrenn.
3:27 of 1st overtime period - Stopped by Christopher Gibson with a rebound.
3:29 of 1st overtime period - Backhand shot by Ryan Bourque.
3:29 of 1st overtime period - Stopped by Christopher Gibson with a rebound.
3:31 of 1st overtime period - Snap shot by Sven Andrighetto.
3:31 of 1st overtime period - Shot Blocked by Brandon Davidson.
3:33 of 1st overtime period - Backhand shot by Scott Ford.
3:33 of 1st overtime period - Shot Misses the Net.
3:35 of 1st overtime period - Snap shot by Ryan Bourque.
3:35 of 1st overtime period - Shot Blocked by Eric Tangradi.
3:40 of 1st overtime period - Slapshot by Scott Ford.
3:40 of 1st overtime period - Shot Misses the Net.
3:42 of 1st overtime period - Snap shot by Scott Ford.
3:42 of 1st overtime period - Deflect By Brandon Davidson.
3:42 of 1st overtime period - Stopped by Christopher Gibson with a rebound.
3:44 of 1st overtime period - Snap shot by Sven Andrighetto.
3:44 of 1st overtime period - Shot Misses the Net.
3:46 of 1st overtime period - Wrist shot by Ryan Bourque.
3:46 of 1st overtime period - Stopped by Christopher Gibson without a rebound.
3:47 of 1st overtime period - Markus Granlund wins face-off versus Sven Andrighetto in Falcons zone.
4:54 of 1st overtime period - Greg Rallo is hit by Ryan Bourque and loses puck.
Goals for this period are 0 for Falcons vs 0 for Gulls.
Shots for this period are 1 for Falcons vs 8 for Gulls.

ShootOut


5:00 of 1st overtime period - Penalty Shot by Tobias Rieder for Falcons.
5:00 of 1st overtime period - Wrist shot by Tobias Rieder.
5:00 of 1st overtime period - Goal by Tobias Rieder.
5:00 of 1st overtime period - Penalty Shot by Antoine Laganiere for Gulls.
5:00 of 1st overtime period - Wrist shot by Antoine Laganiere.
5:00 of 1st overtime period - Shot Misses the Net.
5:00 of 1st overtime period - Penalty Shot by Dmitrij Jaskin for Falcons.
5:00 of 1st overtime period - Snap shot by Dmitrij Jaskin.
5:00 of 1st overtime period - Stopped by Jussi Rynnas.
5:00 of 1st overtime period - Penalty Shot by Sven Andrighetto for Gulls.
5:00 of 1st overtime period - Deke by Sven Andrighetto.
5:00 of 1st overtime period - Shot Hit the Post.
5:00 of 1st overtime period - Penalty Shot by Markus Granlund for Falcons.
5:00 of 1st overtime period - Snap shot by Markus Granlund.
5:00 of 1st overtime period - Stopped by Jussi Rynnas.
5:00 of 1st overtime period - Penalty Shot by Ryan Pulock for Gulls.
5:00 of 1st overtime period - Snap shot by Ryan Pulock.
5:00 of 1st overtime period - Stopped by Christopher Gibson.